| TOP OF THE 1ST |
|
Erie SeaWolves batting - Pitching for Chattanooga Lookouts : RHP Tom Aagaard
|
|
Pitching: RHP Tom Aagaard
|
|
|
Batting: LHB Adam Lancaster
|
0-0: Ball 1-0: Foul Ball, location: 2F 1-1: Called Strike 1-2: Foul Ball, location: 2F 1-2: Ball 2-2: Ground out U3 (Groundball, 34, EV 88.8 MPH)
|
|
Batting: LHB Takuya Uchida
|
0-0: Called Strike 0-1: Foul Ball, location: 2F 0-2: Foul Ball, location: 2F 0-2: Ball 1-2: Ground out 6-3 (Groundball, 56D, EV 107.5 MPH)
|
|
Batting: LHB Freddy Troncoso
|
0-0: Ball 1-0: Called Strike 1-1: Ball 2-1: Ground out 4-3 (Groundball, 4, EV 101.2 MPH)
|
| Top of the 1st over - 0 runs, 0 hits, 0 errors, 0 left on base; Erie 0 - Chattanooga 0 |
| BOTTOM OF THE 1ST |
|
Chattanooga Lookouts batting - Pitching for Erie SeaWolves : RHP Branden Maynard
|
|
Pitching: RHP Branden Maynard
|
|
|
Batting: LHB Kozo Kanamori
|
0-0: Foul Ball, location: 2F 0-1: Ground out 6-3 (Groundball, 6S, EV 79.4 MPH)
|
|
Batting: RHB Ruben Martinez
|
0-0: Ball 1-0: Fly out, F8 (Flyball, 8RD, EV 90.0 MPH)
|
|
Batting: LHB Matt Robertson
|
0-0: Ball 1-0: Called Strike 1-1: Ball 2-1: Foul Ball, location: 2F 2-2: Ball 3-2: Foul Ball, location: 2F 3-2: Foul Ball, location: 2F 3-2: Foul Ball, location: 2F 3-2: Foul Ball, location: 2F 3-2: Base on Balls
|
|
Batting: RHB Justin Allison
|
0-0: Called Strike 0-1: Fielders Choice at 2nd, U6 (Groundball, 6M, EV 83.1 MPH)
|
| Bottom of the 1st over - 0 runs, 0 hits, 0 errors, 1 left on base; Erie 0 - Chattanooga 0 |
| TOP OF THE 2ND |
|
Erie SeaWolves batting - Pitching for Chattanooga Lookouts : RHP Tom Aagaard
|
|
Batting: LHB Luis Dominguez
|
0-0: Called Strike 0-1: Ground out 4-3 (Groundball, 4, EV 85.6 MPH)
|
|
Batting: RHB Jon Pierce
|
0-0: Fly out, F8 (Line Drive, 8RM, EV 95.0 MPH)
|
|
Batting: LHB Oscar Gonzalez
|
0-0: Ground out 4-3 (Groundball, 34, EV 85.0 MPH)
|
| Top of the 2nd over - 0 runs, 0 hits, 0 errors, 0 left on base; Erie 0 - Chattanooga 0 |
| BOTTOM OF THE 2ND |
|
Chattanooga Lookouts batting - Pitching for Erie SeaWolves : RHP Branden Maynard
|
|
Batting: LHB Marius Tadini
|
0-0: Ball 1-0: Ball 2-0: Ball 3-0: Called Strike 3-1: Base on Balls
|
|
Batting: SHB Chris Ortiz
|
0-0: Called Strike 0-1: Foul Ball, location: 2F 0-2: DOUBLE (Line Drive, 89M, EV 96.9 MPH) Marius Tadini to third Runner from 3rd tries for Home, throw by RF and OUT! 9-4-2 Chris Ortiz to third
|
|
Batting: RHB Bobby Paredes
|
0-0: Ball 1-0: Swinging Strike 1-1: Ground out 5-3 (Groundball, 56, EV 89.4 MPH) Chris Ortiz scores
|
|
Batting: RHB Julian de Reus
|
0-0: Ground out 5-3 (Groundball, 56D, EV 104.4 MPH)
|
| Bottom of the 2nd over - 1 run, 1 hit, 0 errors, 0 left on base; Erie 0 - Chattanooga 1 |
| TOP OF THE 3RD |
|
Erie SeaWolves batting - Pitching for Chattanooga Lookouts : RHP Tom Aagaard
|
|
Batting: RHB Ken DiFerdinando
|
0-0: SINGLE (Groundball, 5S, EV 73.8 MPH) (infield hit)
|
|
Batting: RHB Yaremka Rzhevsky
|
0-0: Called Strike 0-1: Grounds into double play, 4-6-3 (Groundball, 4, EV 76.9 MPH)
|
|
Batting: RHB Miguel Nunez
|
0-0: Fly out, F9 (Flyball, 89D, EV 81.9 MPH)
|
| Top of the 3rd over - 0 runs, 1 hit, 0 errors, 0 left on base; Erie 0 - Chattanooga 1 |
| BOTTOM OF THE 3RD |
|
Chattanooga Lookouts batting - Pitching for Erie SeaWolves : RHP Branden Maynard
|
|
Batting: RHB Francisque Regras
|
0-0: Ball 1-0: Ground out 2-3 (Groundball, 15S, EV 70.0 MPH)
|
|
Batting: LHB Kozo Kanamori
|
0-0: Called Strike 0-1: Ball 1-1: Ground out 6-3 (Groundball, 4MS, EV 88.1 MPH)
|
|
Batting: RHB Ruben Martinez
|
0-0: Foul Ball, location: 2F 0-1: Swinging Strike 0-2: Ball 1-2: Ball 2-2: Ground out 4-3 (Groundball, 34, EV 95.0 MPH)
|
| Bottom of the 3rd over - 0 runs, 0 hits, 0 errors, 0 left on base; Erie 0 - Chattanooga 1 |
| TOP OF THE 4TH |
|
Erie SeaWolves batting - Pitching for Chattanooga Lookouts : RHP Tom Aagaard
|
|
Batting: LHB Adam Lancaster
|
0-0: Ball 1-0: Ball 2-0: Foul Ball, location: 2F 2-1: Foul Ball, location: 2F 2-2: Foul Ball, location: 2F 2-2: Ball 3-2: TRIPLE (Line Drive, 89XD, EV 111.2 MPH)
|
|
Batting: LHB Takuya Uchida
|
0-0: Fly out, F8 (Line Drive, 8LM, EV 85.0 MPH) Runner from 3rd tags up, OUT at HOME! 8-2
|
|
Batting: LHB Freddy Troncoso
|
0-0: Ball 1-0: Called Strike 1-1: Ball 2-1: Ground out 4-3 (Groundball, 4M, EV 90.6 MPH)
|
| Top of the 4th over - 0 runs, 1 hit, 0 errors, 0 left on base; Erie 0 - Chattanooga 1 |
| BOTTOM OF THE 4TH |
|
Chattanooga Lookouts batting - Pitching for Erie SeaWolves : RHP Branden Maynard
|
|
Batting: LHB Matt Robertson
|
0-0: Foul Ball, location: 2F 0-1: Ball 1-1: TRIPLE (Flyball, 78XD, EV 106.9 MPH)
|
|
Batting: RHB Justin Allison
|
0-0: Called Strike 0-1: Ball 1-1: Ball 2-1: Ground out 6-3 (Groundball, 6, EV 110.0 MPH) Matt Robertson scores
|
|
Batting: LHB Marius Tadini
|
0-0: Ball 1-0: Called Strike 1-1: Ball 2-1: Swinging Strike 2-2: Ball 3-2: Strikes out swinging
|
|
Batting: SHB Chris Ortiz
|
0-0: Called Strike 0-1: Foul Ball, location: 2F 0-2: Ball 1-2: Strikes out swinging
|
| Bottom of the 4th over - 1 run, 1 hit, 0 errors, 0 left on base; Erie 0 - Chattanooga 2 |
| TOP OF THE 5TH |
|
Erie SeaWolves batting - Pitching for Chattanooga Lookouts : RHP Tom Aagaard
|
|
Batting: LHB Luis Dominguez
|
0-0: Ball 1-0: Swinging Strike 1-1: Swinging Strike 1-2: Ground out U3 (Groundball, 34, EV 83.1 MPH)
|
|
Batting: RHB Jon Pierce
|
0-0: Ball 1-0: Ball 2-0: Called Strike 2-1: Foul Ball, location: 2F 2-2: DOUBLE (Flyball, 89D, EV 101.9 MPH)
|
|
Batting: LHB Oscar Gonzalez
|
0-0: Called Strike 0-1: Ball 1-1: Ball 2-1: Foul Ball, location: 2F 2-2: Fly out, F8 (Flyball, 8RS, EV 80.6 MPH)
|
|
Batting: RHB Ken DiFerdinando
|
0-0: Ball 1-0: SINGLE (Line Drive, 78M, EV 98.1 MPH) Jon Pierce to third Runner from 3rd tries for Home, SAFE, throw by CF to home
|
|
Batting: RHB Yaremka Rzhevsky
|
0-0: Ball 1-0: Foul Ball, location: 2F 1-1: Ball 2-1: Ball 3-1: Called Strike Ken DiFerdinando steals 2nd base 3-2: Foul Ball, location: 2F 3-2: Foul Ball, location: 2F 3-2: Foul Ball, location: 2F 3-2: Strikes out swinging
|
| Top of the 5th over - 1 run, 2 hits, 0 errors, 1 left on base; Erie 1 - Chattanooga 2 |
| BOTTOM OF THE 5TH |
|
Chattanooga Lookouts batting - Pitching for Erie SeaWolves : RHP Branden Maynard
|
|
Batting: RHB Bobby Paredes
|
0-0: Ground out 6-3 (Groundball, P, EV 88.1 MPH)
|
|
Batting: RHB Julian de Reus
|
0-0: Foul Ball, location: 2F 0-1: Ground out 6-3 (Groundball, 56, EV 79.4 MPH)
|
|
Batting: RHB Francisque Regras
|
0-0: Fly out, F7 (Flyball, 7, EV 89.4 MPH)
|
| Bottom of the 5th over - 0 runs, 0 hits, 0 errors, 0 left on base; Erie 1 - Chattanooga 2 |
| TOP OF THE 6TH |
|
Erie SeaWolves batting - Pitching for Chattanooga Lookouts : RHP Tom Aagaard
|
|
Batting: RHB Miguel Nunez
|
0-0: Ball 1-0: Called Strike 1-1: Swinging Strike 1-2: Strikes out looking
|
|
Batting: LHB Adam Lancaster
|
0-0: Called Strike 0-1: Ball 1-1: Foul Ball, location: 2F 1-2: Ball 2-2: Foul Ball, location: 2F 2-2: Ball 3-2: SINGLE (Groundball, 56, EV 107.5 MPH) (infield hit)
|
|
Batting: LHB Takuya Uchida
|
0-0: Ball 1-0: Ball 2-0: Ball 3-0: Base on Balls Adam Lancaster to second
|
|
Batting: LHB Freddy Troncoso
|
0-0: Ball 1-0: Called Strike 1-1: Foul Ball, location: 2F 1-2: Strikes out swinging
|
|
Batting: LHB Luis Dominguez
|
0-0: Foul Ball, location: 2F 0-1: Foul Ball, location: 2F 0-2: Ball 1-2: Ball 2-2: Fly out, F3 (Line Drive, 3, EV 65.6 MPH)
|
| Top of the 6th over - 0 runs, 1 hit, 0 errors, 2 left on base; Erie 1 - Chattanooga 2 |
| BOTTOM OF THE 6TH |
|
Chattanooga Lookouts batting - Pitching for Erie SeaWolves : RHP Branden Maynard
|
|
Batting: LHB Kozo Kanamori
|
0-0: Called Strike 0-1: Fly out, F3 (Line Drive, 3, EV 68.8 MPH)
|
|
Batting: RHB Ruben Martinez
|
0-0: Ball 1-0: Ground out 5-3 (Groundball, 5L, EV 108.1 MPH)
|
|
Batting: LHB Matt Robertson
|
0-0: Called Strike 0-1: Called Strike 0-2: Strikes out swinging, 2-3 out at first.
|
| Bottom of the 6th over - 0 runs, 0 hits, 0 errors, 0 left on base; Erie 1 - Chattanooga 2 |
| TOP OF THE 7TH |
|
Erie SeaWolves batting - Pitching for Chattanooga Lookouts : RHP Tom Aagaard
|
|
Pitching: RHP Rich Nunez
|
|
|
Batting: RHB Jon Pierce
|
0-0: SINGLE (Line Drive, 6MD, EV 97.5 MPH)
|
|
Batting: LHB Oscar Gonzalez
|
0-0: Ball 1-0: Foul Ball, location: 2F 1-1: Swinging Strike 1-2: Fielders Choice at 2nd, 6-4 (Groundball, 6, EV 78.8 MPH)
|
|
Pinch Hitting: LHB Gabe Mendez
|
0-0: Swinging Strike 0-1: Ball 1-1: Ball 2-1: Foul Ball, location: 2F 2-2: Fielders Choice at 2nd, 1-6 (Groundball, P, EV 70.6 MPH)
|
|
Batting: RHB Yaremka Rzhevsky
|
0-0: Ball 1-0: Called Strike 1-1: Ball 2-1: SINGLE (Groundball, 34, EV 104.4 MPH) Gabe Mendez to second Runner from 2nd tries for 3rd, SAFE, throw by RF made to third
|
|
Batting: RHB Miguel Nunez
|
0-0: DOUBLE (Flyball, 89D, EV 100.6 MPH) Gabe Mendez scores Yaremka Rzhevsky to third Runner from 3rd tries for Home, SAFE, no throw by CF
|
|
Batting: LHB Adam Lancaster
|
0-0: Ball 1-0: Ground out U3 (Groundball, 3L, EV 83.1 MPH)
|
| Top of the 7th over - 2 runs, 3 hits, 0 errors, 1 left on base; Erie 3 - Chattanooga 2 |
| BOTTOM OF THE 7TH |
|
Chattanooga Lookouts batting - Pitching for Erie SeaWolves : RHP Branden Maynard
|
|
Now in LF: Mike Kirk
|
|
|
Batting: RHB Justin Allison
|
0-0: DOUBLE (Flyball, 7D, EV 85.6 MPH)
|
|
Pinch Hitting: RHB J.J. Powers
|
0-0: Ball 1-0: Called Strike 1-1: Foul Ball, location: 2F 1-2: Foul Ball, location: 2F 1-2: Fly out, F8 (Line Drive, 8RD, EV 93.1 MPH) Runner from 2nd tags up, OUT at 3rd! 8-5
|
|
Batting: SHB Chris Ortiz
|
0-0: Called Strike 0-1: Fly out, F1 (Line Drive, P, EV 68.1 MPH)
|
| Bottom of the 7th over - 0 runs, 1 hit, 0 errors, 0 left on base; Erie 3 - Chattanooga 2 |
| TOP OF THE 8TH |
|
Erie SeaWolves batting - Pitching for Chattanooga Lookouts : RHP Rich Nunez
|
|
Now in CF: Isaiah Easter
|
|
|
Batting: LHB Takuya Uchida
|
0-0: Foul Ball, location: 2F 0-1: Fly out, F8 (Flyball, 8LD, EV 90.6 MPH)
|
|
Batting: LHB Freddy Troncoso
|
0-0: Called Strike 0-1: Ball 1-1: Ball 2-1: Called Strike 2-2: Strikes out swinging
|
|
Batting: LHB Luis Dominguez
|
0-0: Swinging Strike 0-1: Called Strike 0-2: Strikes out swinging
|
| Top of the 8th over - 0 runs, 0 hits, 0 errors, 0 left on base; Erie 3 - Chattanooga 2 |
| BOTTOM OF THE 8TH |
|
Chattanooga Lookouts batting - Pitching for Erie SeaWolves : RHP Branden Maynard
|
|
Batting: RHB Bobby Paredes
|
0-0: Fly out, F9 (Flyball, 9, EV 82.5 MPH)
|
|
Pinch Hitting: LHB Armando Rendon
|
0-0: Ball 1-0: Ground out 6-3 (Groundball, 6S, EV 83.8 MPH)
|
|
Batting: RHB Francisque Regras
|
0-0: Foul Ball, location: 2F 0-1: Called Strike 0-2: Strikes out swinging
|
| Bottom of the 8th over - 0 runs, 0 hits, 0 errors, 0 left on base; Erie 3 - Chattanooga 2 |
| TOP OF THE 9TH |
|
Erie SeaWolves batting - Pitching for Chattanooga Lookouts : RHP Rich Nunez
|
|
Pitching: RHP Justin Gorden
|
|
|
Now at 2B: Bobby Paredes
|
|
|
Now at 3B: Armando Rendon
|
|
|
Batting: RHB Jon Pierce
|
0-0: Called Strike 0-1: Ball 1-1: Ball 2-1: Called Strike 2-2: Ground out 6-3 (Groundball, 6, EV 105.6 MPH)
|
|
Batting: LHB Oscar Gonzalez
|
0-0: Ball 1-0: Reached on error, E5 (Groundball, 56, EV 84.4 MPH)
|
|
Batting: SHB Mike Kirk
|
0-0: Foul Ball, location: 2F 0-1: Ball 1-1: Grounds into double play, 4-6-3 (Groundball, 4, EV 101.2 MPH)
|
| Top of the 9th over - 0 runs, 0 hits, 1 error, 0 left on base; Erie 3 - Chattanooga 2 |
| BOTTOM OF THE 9TH |
|
Chattanooga Lookouts batting - Pitching for Erie SeaWolves : RHP Branden Maynard
|
|
Pitching: RHP Stacey Kerssies
|
|
|
Batting: LHB Kozo Kanamori
|
0-0: Ball 1-0: Called Strike 1-1: Foul Ball, location: 2F 1-2: Strikes out looking
|
|
Batting: RHB Ruben Martinez
|
0-0: Called Strike 0-1: Ball 1-1: Ball 2-1: Called Strike 2-2: Ball 3-2: Foul Ball, location: 2F 3-2: Base on Balls
|
|
Batting: LHB Matt Robertson
|
0-0: Called Strike 0-1: SINGLE (Line Drive, 7S, EV 92.5 MPH) Ruben Martinez to second
|
|
Pinch Runner at 2nd Miguel Verduzco:
|
|
|
Batting: RHB Justin Allison
|
0-0: Called Strike 0-1: Called Strike 0-2: Ball 1-2: Strikes out looking
|
|
Batting: RHB Isaiah Easter
|
0-0: Called Strike 0-1: Ball 1-1: Ball 2-1: Ball 3-1: Base on Balls Miguel Verduzco to third Matt Robertson to second
|
|
Batting: SHB Chris Ortiz
|
0-0: Ball 1-0: Ball 2-0: SINGLE (Line Drive, 8LS, EV 103.8 MPH) Miguel Verduzco scores Matt Robertson to third Isaiah Easter to second
|
|
Batting: RHB Bobby Paredes
|
0-0: Called Strike 0-1: Foul Ball, location: 2F 0-2: Ball 1-2: Ball 2-2: Strikes out swinging
|
| Bottom of the 9th over - 1 run, 2 hits, 0 errors, 3 left on base; Erie 3 - Chattanooga 3 |
| TOP OF THE 10TH |
|
Erie SeaWolves batting - Pitching for Chattanooga Lookouts : RHP Justin Gorden
|
|
Pitching: LHP Inkei Wakamatsu
|
|
|
Batting: RHB Yaremka Rzhevsky
|
0-0: Ground out 6-3 (Groundball, 6, EV 84.4 MPH)
|
|
Batting: RHB Miguel Nunez
|
0-0: Ball 1-0: Fly out, F8 (Flyball, 8LXD, EV 91.9 MPH)
|
|
Batting: LHB Adam Lancaster
|
0-0: Called Strike 0-1: Called Strike 0-2: Strikes out swinging
|
| Top of the 10th over - 0 runs, 0 hits, 0 errors, 0 left on base; Erie 3 - Chattanooga 3 |
| BOTTOM OF THE 10TH |
|
Chattanooga Lookouts batting - Pitching for Erie SeaWolves : RHP Stacey Kerssies
|
|
Pitching: RHP Bryan Hallman
|
|
|
Batting: LHB Armando Rendon
|
0-0: Foul Ball, location: 2F 0-1: Ground out 6-3 (Groundball, 6, EV 101.9 MPH)
|
|
Batting: RHB Francisque Regras
|
0-0: Ground out 5-3 (Groundball, 56, EV 83.1 MPH)
|
|
Batting: LHB Kozo Kanamori
|
0-0: Called Strike 0-1: Ball 1-1: Foul Ball, location: 2F 1-2: Strikes out swinging
|
| Bottom of the 10th over - 0 runs, 0 hits, 0 errors, 0 left on base; Erie 3 - Chattanooga 3 |
| TOP OF THE 11TH |
|
Erie SeaWolves batting - Pitching for Chattanooga Lookouts : LHP Inkei Wakamatsu
|
|
Pinch Hitting: RHB Vince Chipman
|
0-0: Ball 1-0: Ball 2-0: Foul Ball, location: 2F 2-1: Foul Ball, location: 2F 2-2: SINGLE (Groundball, 5D, EV 97.5 MPH)
|
|
Batting: LHB Freddy Troncoso
|
0-0: Reached on error, E3 (Groundball, 34, EV 89.4 MPH) Vince Chipman to second
|
|
Batting: LHB Luis Dominguez
|
0-0: Ball 1-0: Ball 2-0: Foul Ball, location: 2F 2-1: Swinging Strike 2-2: Strikes out swinging
|
|
Batting: RHB Jon Pierce
|
0-0: Called Strike 0-1: Ball 1-1: Ball 2-1: Foul Ball, location: 2F 2-2: Foul Ball, location: 2F 2-2: Ball 3-2: Base on Balls Vince Chipman to third Freddy Troncoso to second
|
|
Batting: LHB Oscar Gonzalez
|
0-0: Ball 1-0: Called Strike 1-1: SINGLE (Flyball, 6D, EV 97.5 MPH) Vince Chipman scores Freddy Troncoso to third Jon Pierce to second Runner from 3rd tries for Home, SAFE, throw by CF to home
|
|
Batting: SHB Mike Kirk
|
0-0: Ball 1-0: Fielders Choice at 2nd, 3-6 (Groundball, 13, EV 94.4 MPH) Jon Pierce to third
|
|
Batting: RHB Yaremka Rzhevsky
|
0-0: Fly out, F9 (Line Drive, 9, EV 95.0 MPH)
|
| Top of the 11th over - 2 runs, 2 hits, 1 error, 2 left on base; Erie 5 - Chattanooga 3 |
| BOTTOM OF THE 11TH |
|
Chattanooga Lookouts batting - Pitching for Erie SeaWolves : RHP Bryan Hallman
|
|
Now at 1B: Jordan Mejias
|
|
|
Batting: RHB Miguel Verduzco
|
0-0: Ball 1-0: Ball 2-0: Called Strike 2-1: Swinging Strike 2-2: Ball 3-2: TRIPLE (Flyball, 89XD, EV 95.6 MPH)
|
|
Batting: LHB Matt Robertson
|
0-0: Ball 1-0: Called Strike 1-1: Swinging Strike 1-2: Strikes out looking
|
|
Batting: RHB Justin Allison
|
0-0: Ball 1-0: Called Strike 1-1: Foul Ball, location: 2F 1-2: Ball 2-2: Strikes out looking
|
|
Batting: RHB Isaiah Easter
|
0-0: Foul Ball, location: 2F 0-1: Ball 1-1: Foul Ball, location: 2F 1-2: Ball 2-2: Ball 3-2: Strikes out swinging
|
| Bottom of the 11th over - 0 runs, 1 hit, 0 errors, 1 left on base; Erie 5 - Chattanooga 3 |
|